General information
- name: BNet
- type: Ladder team game (AT/RT)
- host: Battle.net
- saver: Flashbang_Omnix
map: GolemsInTheMist
- players: 8
- length: 05:26
- speed: Fast
- version: 1.26 W3XP
- replay type: Public
» download(28 KB)
Players
team 1 (winner)

»
13attle_God (
green | 29 APM | 159 actions | 05:25)
1 Death Knight
1 Death Coil
» actions
| Assign group hotkey | 5 | |
| Build / train | 15 | |
| Enter build submenu | 8 | |
| Enter hero's abilities submenu | 1 | |
| Right click | 59 | |
| Select / deselect | 45 | |
| Select group hotkey | 17 | |
| Use ability | 9 | |
159 total
» units
| Acolyte | 2 | |
| Ghoul | 4 | |
| Crypt Fiend | 4 | |
10 total
» upgrades
| Creature Attack | 1 | |
| Creature Carapace | 1 | |
2 total
» buildings
| Crypt | 1 | |
| Ziggurat | 3 | |
| Graveyard | 1 | |
| Altar of Darkness | 1 | |
| Halls of the Dead | 1 | |
| Tomb of Relics | 1 | |
8 total
» build order
00:06 Crypt
00:10 Ziggurat
00:28 Graveyard
00:47 Altar of Darkness
01:17 Ziggurat
03:08 Halls of the Dead
04:17 Ziggurat
04:17 Tomb of Relics

»
toxic_117 (
blue | 39 APM | 211 actions | 05:25)
1 Blademaster
1 Wind Walk
» actions
| Build / train | 17 | |
| Enter build submenu | 7 | |
| Enter hero's abilities submenu | 1 | |
| Right click | 101 | |
| Select / deselect | 69 | |
| Use ability | 16 | |
211 total
» units
» upgrades
» buildings
| Altar of Storms | 1 | |
| Orc Burrow | 3 | |
| Voodoo Lounge | 1 | |
| Barracks | 1 | |
| War Mill | 1 | |
7 total
» build order
00:13 Altar of Storms
00:16 Orc Burrow
00:42 Voodoo Lounge
01:20 Barracks
01:48 Orc Burrow
03:40 Orc Burrow
04:31 War Mill
» items
| Healing Salve | 1 | |
| Lesser Clarity Potion | 1 | |
| Scroll of Speed | 1 | |
3 total
Flashbang_Omnix (
yellow | 48 APM | 262 actions | 05:26)
1 Mountain King
1 Storm Bolt
» actions
| Basic commands | 7 | |
| Build / train | 17 | |
| Enter build submenu | 8 | |
| Enter hero's abilities submenu | 1 | |
| Right click | 163 | |
| Select / deselect | 53 | |
| Use ability | 13 | |
262 total
» units
» upgrades
» buildings
| Altar of Kings | 1 | |
| Barracks | 2 | |
| Farm | 5 | |
| Lumber Mill | 1 | |
| Keep | 1 | |
| Blacksmith | 1 | |
11 total
» build order
00:15 Altar of Kings
00:17 Barracks
00:19 Farm
00:19 Farm
00:44 Farm
04:00 Farm
04:01 Farm
04:05 Lumber Mill
04:09 Barracks
04:50 Keep
04:57 Blacksmith

»
kiwi74-QC- (
purple | 40 APM | 215 actions | 05:25)
1 Mountain King
1 Storm Bolt
» actions
| Build / train | 20 | |
| Enter build submenu | 10 | |
| Enter hero's abilities submenu | 1 | |
| Right click | 85 | |
| Select / deselect | 83 | |
| Use ability | 16 | |
215 total
» units
» upgrades
» buildings
| Altar of Kings | 1 | |
| Farm | 2 | |
| Lumber Mill | 1 | |
| Scout Tower | 6 | |
| Guard Tower | 6 | |
| Keep | 1 | |
17 total
» build order
00:05 Altar of Kings
00:08 Farm
00:37 Lumber Mill
00:52 Farm
01:15 Scout Tower
01:16 Scout Tower
01:50 Guard Tower
02:08 Guard Tower
02:11 Scout Tower
02:51 Guard Tower
03:08 Guard Tower
03:12 Scout Tower
03:44 Guard Tower
04:22 Scout Tower
04:57 Guard Tower
05:03 Keep
05:12 Scout Tower
team 2 (loser)
KnocKRustoV (
teal | 60 APM | 319 actions | 05:17)
1 Death Knight
1 Death Coil
» actions
| Assign group hotkey | 6 | |
| Basic commands | 1 | |
| Build / train | 42 | |
| Enter build submenu | 7 | |
| Enter hero's abilities submenu | 1 | |
| Right click | 147 | |
| Select / deselect | 57 | |
| Select group hotkey | 33 | |
| Use ability | 25 | |
319 total
» units
| Acolyte | 2 | |
| Ghoul | 7 | |
| Crypt Fiend | 16 | |
25 total
» buildings
| Crypt | 1 | |
| Altar of Darkness | 1 | |
| Ziggurat | 2 | |
| Graveyard | 1 | |
| Tomb of Relics | 1 | |
| Halls of the Dead | 6 | |
12 total
» build order
00:12 Crypt
00:17 Altar of Darkness
00:38 Ziggurat
01:00 Graveyard
01:27 Tomb of Relics
01:46 Ziggurat
04:30 Halls of the Dead
04:30 Halls of the Dead
04:30 Halls of the Dead
04:30 Halls of the Dead
» items
bugs (
pink | 60 APM | 326 actions | 05:25)
1 Lich
1 Frost Nova
1 Tauren Chieftain
1 War Stomp
» actions
| Assign group hotkey | 8 | |
| Build / train | 25 | |
| Enter build submenu | 13 | |
| Enter hero's abilities submenu | 2 | |
| Right click | 164 | |
| Select / deselect | 77 | |
| Select group hotkey | 18 | |
| Use ability | 19 | |
326 total
» units
» buildings
| Graveyard | 1 | |
| Crypt | 1 | |
| Orc Burrow | 4 | |
| Ziggurat | 2 | |
| Altar of Darkness | 1 | |
| Altar of Storms | 1 | |
| Spirit Tower | 3 | |
| Stronghold | 2 | |
| Beastiary | 3 | |
18 total
» build order
00:16 Graveyard
00:17 Crypt
00:29 Orc Burrow
00:39 Ziggurat
01:05 Altar of Darkness
01:16 Altar of Storms
01:41 Spirit Tower
01:58 Stronghold
01:58 Stronghold
02:31 Orc Burrow
02:54 Ziggurat
04:25 Beastiary
04:27 Beastiary
04:31 Beastiary
04:33 Orc Burrow
04:35 Orc Burrow
05:02 Spirit Tower
MikeohSSF4 (
orange | 32 APM | 151 actions | 04:40)
1 Archmage
1 Summon Water Elemental
» actions
| Assign group hotkey | 5 | |
| Basic commands | 4 | |
| Build / train | 18 | |
| Enter build submenu | 7 | |
| Enter hero's abilities submenu | 1 | |
| Right click | 45 | |
| Select / deselect | 47 | |
| Select group hotkey | 13 | |
| Use ability | 11 | |
151 total
» units
» buildings
| Altar of Kings | 1 | |
| Barracks | 1 | |
| Farm | 4 | |
| Arcane Vault | 1 | |
| Keep | 1 | |
8 total
» build order
00:07 Altar of Kings
00:10 Barracks
00:22 Farm
00:41 Farm
01:30 Farm
02:08 Arcane Vault
02:42 Farm
04:23 Keep
Chat log
(00:07 / Allies) 13attle_God: 100?
(00:14 / Allies) kiwi74-QC-: heros rush?
(00:17 / Allies) 13attle_God: ty yellow
(00:20 / Allies) toxic_117: sure
(00:27 / Allies) kiwi74-QC-: il put soem tower
(00:57 / Allies) kiwi74-QC-: meet
(01:02 / Allies) Flashbang_Omnix: im not gonna rush
(01:04 / Allies) Flashbang_Omnix: forget it
(01:09 / Allies) kiwi74-QC-: ok
(01:11 / Allies) kiwi74-QC-: well
(01:27 / Allies) kiwi74-QC-: wood me plz
(01:44 / Allies) kiwi74-QC-: ty
(01:45 / Allies) Flashbang_Omnix: okay im gonna rush after all
(01:52 / Allies) Flashbang_Omnix: purple is gonna tower
(01:56 / Allies) Flashbang_Omnix: might as well win now
(02:13 / Allies) kiwi74-QC-: ty
(02:25 / All) 13attle_God: nice hack
(02:34 / All) Flashbang_Omnix: hack indeed
(02:38 / All) MikeohSSF4: rofl
(02:44 / All) Flashbang_Omnix: pink your reported
(02:57 / Allies) kiwi74-QC-: good
(03:01 / All) MikeohSSF4: It's funny when people are so bad on bnet
(03:06 / All) MikeohSSF4: That scouting is seen as hacking
(03:15 / All) bugs: lol
(03:16 / All) bugs: ya
(03:20 / All) Flashbang_Omnix: 3 ghouls to scout?!
(03:27 / All) Flashbang_Omnix: one is more natural
(03:29 / All) Flashbang_Omnix: NOT 3
(03:33 / All) Flashbang_Omnix: HACKER!
(03:58 / Allies) kiwi74-QC-: lol
(04:02 / Allies) kiwi74-QC-: nice 1
(04:11 / All) MikeohSSF4: lol
(04:32 / All) MikeohSSF4: ah well gg
(04:34 / Allies) Flashbang_Omnix: wood me purple
(04:34 / All) MikeohSSF4: Good cheesing
(04:37 / All) MikeohSSF4: no skill tho
(04:58 / Allies) Flashbang_Omnix: ty
(05:21 / All) kiwi74-QC-: gg